 Dungeon Crawl Stone Soup version 0.29.0-13-gc9e81de378 (webtiles) character file.

Game seed: 16978073017237091132

902 avis the Caller (level 7, 0/31 HPs)
             Began as a Felid Summoner on Sept 7, 2022.
             Was an Initiate of Gozag.
             Killed by divine providence
             ... invoked by an orc priest
              (13 damage)
             ... on level 7 of the Dungeon on Sept 9, 2022.
             The game lasted 01:02:21 (8932 turns).

avis the Caller (Felid Summoner)                    Turns: 8932, Time: 01:02:21

Health: 0/31       AC:  2    Str:  4    XL:     7   Next: 80%
Magic:  17/17      EV: 19    Int: 19    God:    Gozag
Gold:   965        SH:  0    Dex: 16    Spells: 5/18 levels left
                                        Lives:  0   Deaths: 2

rFire   . . .      SeeInvis +   (weapon unavailable)
rCold   . . .      Faith    .   (shield unavailable)
rNeg    . . .      Spirit   .   (body armour unavailable)
rPois   .          Reflect  .   (helmet unavailable)
rElec   .          Harm     .   (cloak unavailable)
rCorr   +          Rampage  .   (gloves unavailable)
Will    +....                   (boots unavailable)
Stlth   ++........              s - amulet of magic regeneration
HPRegen 0.10/turn               h - ring of resist corrosion
MPRegen 0.55/turn               (no ring)

@: quick
A: very small, claws 1, fangs 3, see invisible, speed 1, shaggy fur 2, stealthy
paws, no weapons or thrown items, no armour, multi-lived
a: Renounce Religion, Potion Petition, Call Merchant, Bribe Branch


You were on level 7 of the Dungeon.
You worshipped Gozag.
Gozag was pleased with you.
You visited 2 branches of the dungeon, and saw 8 of its levels.
You also visited: Bailey.

You collected 1027 gold pieces.
You paid 62 gold pieces to Gozag.

Inventory:

Jewellery
 b - an amulet of reflection
 h - a ring of resist corrosion (left paw)
 s - an amulet of magic regeneration (around neck)
Wands
 m - a wand of digging (4)
 o - a wand of roots (12)
Scrolls
 d - 2 scrolls of immolation {unknown}
 e - 3 scrolls of enchant armour {unknown}
 f - a scroll of summoning
 g - 3 scrolls of poison {unknown}
 k - 2 scrolls of blinking {unknown}
 n - 3 scrolls of teleportation {unknown}
 u - 2 scrolls of noise {unknown}
Potions
 a - 3 potions of magic
 c - 4 potions of brilliance
 i - 3 potions of curing
 j - 2 potions of mutation
 l - a potion of resistance {unknown}
 r - 2 potions of might
 t - a potion of attraction {unknown}


   Skills:
 + Level 3.3 Fighting
 + Level 5.5 Dodging
 - Level 3.0 Stealth
 + Level 6.2 Spellcasting
 - Level 6.5 Hexes
 + Level 6.6 Summonings
 * Level 4.6 Air Magic


You had 5 spell levels left.
You knew the following spells:

 Your Spells              Type           Power      Damage    Failure   Level
a - Summon Small Mammal   Summ           100%       N/A       1%          1
c - Call Imp              Summ           31%        N/A       1%          2
d - Call Canine Familiar  Summ           31%        N/A       1%          3
g - Summon Guardian Gole  Hex/Summ       31%        N/A       2%          3
l - Summon Lightning Spi  Summ/Air       27%        N/A       11%         4

Your spell library contained the following spells:

 Spells                   Type           Power      Damage    Failure   Level
 Poisonous Vapours        Pois/Air       28%        N/A       6%          2
 Sting                    Tmut/Pois      20%        1d4       11%         1
 Olgreb's Toxic Radiance  Pois           5%         N/A       73%         4
 Blade Hands              Tmut           2%         N/A       97%         5
 Irradiate                Conj/Tmut      2%         3d12      97%         5
 Conjure Ball Lightning   Conj/Air       7%         3x3d6     100%        6
 Dragon Form              Tmut           2%         N/A       100%        7
 Discord                  Hex            15%        N/A       100%        8
 Disjunction              Tloc           2%         N/A       100%        8


Dungeon Overview and Level Annotations

Branches:
Dungeon (7/15)             Temple (1/1) D:4          Bailey (visited)

Altars:
Dithmenos
Elyvilon
Fedhas
Gozag
Kikubaaqudgha
Ru
Sif Muna
Zin
The Shining One

Shops:
D:3 *(=[[


Innate Abilities, Weirdness & Mutations

You have sharp claws.
You have razor-sharp teeth.
You have supernaturally acute eyesight. (SInv)
You cover ground quickly. (Speed+)
You are covered in thick fur. (AC +2)
Your paws help you pounce on unaware monsters.
You are incapable of wielding weapons or throwing items.
You cannot wear armour.
You gain extra lives every three experience levels.


Message History

The orc hits your guardian golem with a +0 club.
Flame seeps out of your guardian golem.
The orc hits your guardian golem with a +0 flail.
Your guardian golem disappears in a puff of smoke!
Your guardian golem explodes!
The fiery explosion engulfs the orc!!!
The orc dies!
The fiery explosion engulfs the orc!!!
The orc dies!
You hear a shout! x2
You start resting.
An orc priest comes into view. It is wielding a +0 club.
Casting: Summon Guardian Golem (dangerous; 2% risk of failure)
Confirm with . or Enter, or press ? or * to list all spells.
A guardian golem appears, shielding your allies.
The orc priest calls down the wrath of Beogh upon you.
Beogh smites you!
The orc priest looks encouraged for a moment.
What are your orders? t - Meow!
Orders for allies: a - Attack new target. r - Retreat! s - Stop attacking. g - Guard the area. f - Follow me.
Anything else - Cancel.
Follow me!
What are your orders? t - Meow!
Orders for allies: a - Attack new target. r - Retreat! s - Stop attacking. g - Guard the area. f - Follow me.
Anything else - Cancel.
Gang up on whom?
Press: ? - help, Dir - move target, f - orc priest
Aim: an orc priest, wielding a +0 club Attack!
The orc priest hits your guardian golem but does no damage.
The orc priest mumbles some strange prayers to Beogh against you.
Beogh smites you!
You die...
Your body crumbles into a pile of gold.

##.##o≈..o≈...##.# ###.#######.#
##.##.≈≈≈≈§...##.###...........##
........o.....#.................#
#.........o...8..>...#.########)#
#.#.#######o..####.###.# #.#
#.#.# ##..# #.# #.# #.# #.#.#
#..# #.# #.# #.# #.#.##
#.$####.###.# ####.# #....##
#.o9.@......# #....#
......#######.####.##### #.####
##............# #.# #.#
#............# #.# #.#
##<.########### *,* #.# ....# *,*
#.# ###.# *,* #.# #.# #.# #.# #.#
#.# #.#


You could see an orc priest (ally target) and a friendly guardian golem
(summoned).

Vanquished Creatures
  An orc (D:5)
  A ball python (D:2)
  A giant cockroach (D:4)
  2 hobgoblins (D:2)
  2 jackals (D:1)
  2 bats (D:1)
  2 frilled lizards
  4 rats
15 creatures vanquished.

Vanquished Creatures (collateral kills)
  Sigmund (D:6)
  A sky beast (D:7)
  An ice beast (D:5)
  A centaur (D:6)
  2 bullfrogs (D:7)
  A necrophage (D:5)
  A scorpion (D:5)
  An electric eel (Bailey)
  2 howler monkeys
  A jelly (D:6)
  A hound (D:6)
  An iguana (D:4)
  Jessica (D:2)
  3 orc wizards
  8 adders
  3 gnolls (D:4)
  2 ufetubi
  A worm (D:5)
  8 orcs
  4 bats
  5 endoplasms
  A giant cockroach (D:1)
  8 goblins
  5 hobgoblins
  A jackal (D:1)
  5 kobolds
  5 quokkas
  5 ball pythons
  2 frilled lizards
  7 rats
88 creatures vanquished.

Vanquished Creatures (others)
  Prince Ribbit (D:6)
  An orc warrior (Bailey)
  2 ogres
  A black bear (D:6)
  An ice beast (D:6)
  2 centaurs (D:5)
  A gnoll sergeant (D:5)
  A scorpion (D:6)
  A hound (D:7)
  An orc priest (D:5)
  An iguana (D:6)
  9 gnolls
  A shadow imp (D:6)
  5 orcs
  A goblin (Bailey)
  A quokka (D:5)
30 creatures vanquished.

Grand Total: 133 creatures vanquished

Notes
Turn   | Place    | Note
-------+----------+-------------------------------------------
     0 | D:1      | avis the Felid Summoner began the quest for the Orb.
     0 | D:1      | Reached XP level 1. HP: 7/7 MP: 4/4
   251 | D:1      | Reached XP level 2. HP: 11/11 MP: 3/6
   606 | D:1      | Learned a level 2 spell: Call Imp
  1450 | D:1      | Reached XP level 3. HP: 14/14 MP: 5/8
  1459 | D:1      | Learned a level 3 spell: Call Canine Familiar
  1535 | D:2      | Found a faded altar of an unknown god.
  2035 | D:2      | Found the +7 staff of the Meek {protect, meekguard}
  2154 | D:2      | Noticed Jessica
  2166 | D:2      | Killed Jessica
  2167 | D:2      | Reached XP level 4. HP: 18/18 MP: 1/10
  2644 | D:2      | Learned a level 3 spell: Summon Guardian Golem
  3039 | D:3      | Found Damoum's Assorted Antiques.
  3067 | D:3      | Found a blossoming altar of Fedhas.
  3074 | D:3      | Reached skill level 1 in Hexes
  3075 | D:3      | Found an ancient bone altar of Kikubaaqudgha.
  3075 | D:3      | Found a white marble altar of Elyvilon.
  3075 | D:3      | Found a sacrificial altar of Ru.
  3075 | D:3      | Found an opulent altar of Gozag.
  3087 | D:3      | Became a worshipper of Gozag Ym Sagoz the Greedy
  3227 | D:3      | Found Kojooteu's Jewellery Emporium.
  3240 | D:3      | Found Poevo's Antique Weapon Shoppe.
  3368 | D:3      | Found Jicwe's Antique Armour Boutique.
  3504 | D:3      | Found Exobaru's Armour Shoppe.
  4045 | D:4      | Found a staircase to the Ecumenical Temple.
  4080 | D:4      | Reached XP level 5. HP: 21/21 MP: 5/11
  4242 | D:4      | Reached skill level 5 in Summonings
  4558 | Temple   | Entered the Ecumenical Temple
  4580 | D:5      | Entered Level 5 of the Dungeon
  4593 | D:5      | Gained mutation: You are covered in thick fur. (AC +2)
                  | [Felid growth]
  4593 | D:5      | Reached XP level 6. HP: 17/24 MP: 5/13
  4628 | D:5      | Reached skill level 5 in Spellcasting
  4628 | D:5      | Reached skill level 5 in Hexes
  4628 | D:5      | Reached XP level 7. HP: 22/27 MP: 3/15
  4757 | D:5      | Learned a level 4 spell: Summon Lightning Spire
  5215 | D:5      | Reached skill level 1 in Air Magic
  5225 | D:5      | Reached skill level 1 in Fighting
  5846 | D:6      | Noticed Sigmund
  5850 | D:6      | Reached XP level 8. HP: 10/32 MP: 9/17
  5866 | D:6      | HP: 1/32 [Sigmund/+0 scythe (11)]
  6744 | D:6      | Killed Sigmund
  6890 | D:6      | Noticed Prince Ribbit
  6904 | D:6      | Killed Prince Ribbit
  7800 | D:6      | Reached skill level 5 in Dodging
  7989 | D:7      | Found a flagged portal.
  8015 | Bailey   | Entered a bailey
  8314 | Bailey   | Killed by miscasting Summon Lightning Spire
  8315 | Bailey   | Reached XP level 7. HP: -5/30 MP: 10/17
  8344 | Bailey   | Reached XP level 8. HP: 34/34 MP: 18/18
  8358 | Bailey   | HP: 1/34 [electric eel/bolt of electricity (14)]
  8365 | Bailey   | Killed from afar by an electric eel
  8366 | Bailey   | Reached XP level 7. HP: -5/31 MP: 12/17
  8932 | D:7      | Killed from afar by an orc priest

Illustrated notes

Levels and vault maps discovered:
D:1:      scummos_arrival_hexagon, layout_basic, minmay_shallow_snake_nest
D:2:      layout_basic, nicolae_ecumenical_oubliette, uniq_jessica
D:3:      layout_basic, grunt_temple_overflow_open, serial_shops, shop,
          nicolae_diamond_shop, nicolae_shop_trees, shop,
          nicolae_shop_temple_entry_statues_fountains
D:4:      layout_rooms, minmay_temple_entry_arrows,
          chequers_serial_rivers_room_a
D:5:      layout_basic
D:6:      layout_basic, serial_park_tiny_1, uniq_sigmund, uniq_prince_ribbit1
D:7:      layout_loops_ring, enter_bailey_5
Temple:   eino_temple_rhombus

Skill      XL: |  1  2  3  4  5  6  7  8 |
---------------+-------------------------+-----
Stealth        | 3 |  3.0
Dodging        | 3 5 |  5.5
Spellcasting   | 3 4 5 6 |  6.2
Hexes          | 1 3 5 6 |  6.5
Summonings     | 5 6 |  6.6
Air Magic      | 4 3 |  4.6
Fighting       | 3 2 |  3.3

Action                   |  1- 3 |  4- 6 |  7- 9 || total
-------------------------+-------+-------+-------++-------
Melee: Unarmed           |    20 |    21 |     6 ||    47
       Bite              |       |     2 |       ||     2
       Punch             |       |     2 |       ||     2
 Cast: Summon Small Mamm |    35 |     1 |       ||    36
       Call Imp          |    11 |     9 |    12 ||    32
       Call Canine Famil |     7 |    16 |    20 ||    43
       Summon Guardian G |       |     8 |    39 ||    47
       Summon Lightning  |       |       |     4 ||     4
  Use: Scroll            |       |       |    10 ||    10
       Potion            |       |       |     2 ||     2
 Stab: Sleeping          |     2 |     4 |       ||     6
Armor: Skin              |     1 |     2 |     3 ||     6
Dodge: Dodged            |    17 |    22 |    45 ||    84
